 Dungeon Crawl Stone Soup version 0.24.0-125-gc4c63601f3 (webtiles) character file.

Game seed: 5494351442131643347, levelgen mode: deterministic

73 Peloso the Covered (level 4, 0/40 HPs)
             Began as a Minotaur Fighter on Mar 21, 2020.
             Slain by Sigmund
             ... wielding a +0 scythe
              (5 damage)
             ... on level 2 of the Dungeon.
             The game lasted 00:02:24 (1210 turns).

Peloso the Covered (Minotaur Fighter)               Turns: 1210, Time: 00:02:24

Health: 0/40       AC:  9    Str: 20    XL:     4   Next: 8%
Magic:  3/3        EV: 20    Int:  5    God:
Gold:   103        SH:  0    Dex: 11    Spells: 3/3 levels left

rFire    . . .     SeeInvis .   a - +0 long sword
rCold    . . .     Gourm    .   c - +0 shield
rNeg     . . .     Faith    .   h - +0 chain mail
rPois    .         Spirit   .   (helmet restricted)
rElec    .         Reflect  .   (no cloak)
rCorr    .         Harm     .   (no gloves)
MR       .....                  (no boots)
Stlth    ..........             g - amulet of the acrobat
HPRegen  0.13/turn              (no ring)
MPRegen  0.08/turn              (no ring)

@: confused, acrobat
A: retaliatory headbutt, horns 2
a: no special abilities


You were on level 2 of the Dungeon.
You were hungry.

You visited 1 branch of the dungeon, and saw 2 of its levels.

You collected 103 gold pieces.

Inventory:

Hand Weapons
 a - a +0 long sword (weapon)
Armour
 b - a +0 scale mail
 c - a +0 shield (worn)
 h - a +0 chain mail (worn)
Jewellery
 g - an amulet of the acrobat (around neck)
 k - a +3 ring of protection {unknown}
Scrolls
 e - a scroll of random uselessness {unknown}
 i - 2 scrolls of amnesia {unknown}
 j - a scroll of enchant weapon {unknown}
 l - 2 scrolls of blinking {unknown}
 m - a scroll of identify {unknown}
 n - a scroll of immolation {unknown}
 o - a scroll of teleportation {unknown}
Potions
 d - 2 potions of might
Comestibles
 f - 3 rations


   Skills:
 + Level 4.1 Fighting
 + Level 3.3 Long Blades
 + Level 4.5 Armour
 + Level 4.4 Shields


You had 3 spell levels left.
You didn't know any spells.
Your spell library contained the following spells:

 Spells                   Type           Power        Failure   Level  Hunger
 Corona                   Hex            #......      100%        1    ##.....
 Ensorcelled Hibernation  Hex/Ice        #.....       100%        2    ###....
 Confuse                  Hex            #.......     100%        3    ####...
 Dazzling Spray           Conj/Hex       #.....       100%        3    ####...
 Tukima's Dance           Hex            #.......     100%        3    ####...


Dungeon Overview and Level Annotations

Branches:
Dungeon (2/15)

Altars:

Annotations:
D:2 Sigmund


Innate Abilities, Weirdness & Mutations

You reflexively headbutt those who attack you in melee.
You have a pair of horns on your head.


Message History

You bump into the rock wall.
Unknown command.
Something hits you.
* * * LOW HITPOINT WARNING * * *
Your shield and chain mail prevent you from hitting something.
Something hits you but does no damage.
You hear some strange, mumbled words.
You are more confused.
Something barely misses you.
You're too confused to move!
You hear some strange, mumbled words.
Something tries to affect you, but you resist.
A magic dart appears from out of thin air!
The magic dart hits you.
* * * LOW HITPOINT WARNING * * *
You hear some strange, mumbled words.
You are more confused.
Something barely misses you. Something hits you.
You die...

.####### #$ .# #.
.# #.##### .#
#.#...# .# #.#...#
.# #####.#...####
.. ..#.........#
#.#.........#
...####.#.....@...#
.................##
...####...........#
#.# #..#........#
#.#####..###...#..#
#.##.....# #...#..#
#)##.###.####.##...
###.##.# #.#....#
#.#. ...#...# #.#.#
##


There were no monsters in sight!

Vanquished Creatures
  Jessica (D:2)
  An adder (D:2)
  A worm (D:2)
  3 bats (D:1)
  4 giant cockroaches
  5 goblins
  7 hobgoblins
  7 kobolds
  3 rats
32 creatures vanquished.

Notes
Turn   | Place    | Note
-------+----------+-------------------------------------------
     0 | D:1      | Peloso the Minotaur Fighter began the quest for the Orb.
     0 | D:1      | Reached XP level 1. HP: 19/19 MP: 0/0
   139 | D:1      | Reached XP level 2. HP: 27/27 MP: 1/1
   793 | D:2      | Reached XP level 3. HP: 33/33 MP: 2/2
   803 | D:2      | Noticed Jessica
   806 | D:2      | Killed Jessica
  1058 | D:2      | Reached XP level 4. HP: 33/40 MP: 3/3
  1165 | D:2      | Noticed Sigmund
  1210 | D:2      | Slain by Sigmund

Levels and vault maps discovered:
D:1:      scummos_arrival_simple_crosswalls, layout_loops_ring, minmay_cut_off
D:2:      layout_loops_ring, first_ration, minmay_quadrilaterals, uniq_sigmund,
          uniq_jessica

Skill      XL: |  1  2  3 |
---------------+----------+-----
Shields        | 4 |  4.4
Armour         | 4 |  4.5
Long Blades    | 3 |  3.3
Fighting       | 4 |  4.1

Action                   |  1- 3 |  4- 6 || total
-------------------------+-------+-------++-------
Melee: Long sword        |    59 |    22 ||    81
       Headbutt          |     6 |       ||     6
  Use: Potion            |     3 |     1 ||     4
Armor: Chain mail        |    23 |     8 ||    31
Dodge: Dodged            |    20 |     4 ||    24
Block: Shield            |    38 |     6 ||    44
       Rpst.: Long sword |     5 |       ||     5
